 Dungeon Crawl Stone Soup version 0.16-a0-2669-g4c00d22 (webtiles) character file.

104 Ololoev the Insei (level 4, 0/28 HPs)
             Began as an Octopode Transmuter on Nov 24, 2014.
             Slain by a centaur (10 damage)
             ... on level 3 of the Dungeon.
             The game lasted 00:07:07 (2712 turns).

Ololoev the Insei (Octopode Transmuter)             Turns: 2712, Time: 00:07:08

Health: 0/28       AC:  1    Str:  9    XL:     4   Next: 80%
Magic:  4/7        EV: 12    Int: 16    God:
Gold:   151        SH:  0    Dex: 12    Spells: 2 memorised, 3 levels left

rFire  + . .     SeeInvis +     o - +2 spear (freeze)
rCold  . . .     Clarity  +     (no shield)
rNeg   . . .     SustAb   .     (helmet restricted)
rPois  .         Gourm    .     l - amulet of clarity
rElec  .         Spirit   .     h - ring of protection from fire
rCorr  .         Warding  .     w - ring of see invisible
rMut   .         Stasis   .     (no ring)
MR     .....                    (no ring)
Stlth  ++........               (no ring)
                                (no ring)
                                (no ring)
                                (no ring)

@: very slightly contaminated, not resistant to hostile enchantments, unstealthy
A: almost no armour, amphibious, 8 rings, constrict 8, camouflage 1, gelatinous
body 1
a: no special abilities


You were on level 3 of the Dungeon.
You were not hungry.

You visited 1 branch of the dungeon, and saw 3 of its levels.

You collected 151 gold pieces.

Notes
Turn   | Place    | Note
--------------------------------------------------------------
     0 | D:1      | Ololoev, the Octopode Transmuter, began the quest for the Orb.
     0 | D:1      | Reached XP level 1. HP: 13/13 MP: 3/3
   212 | D:1      | Reached XP level 2. HP: 18/18 MP: 2/4
   706 | D:1      | Reached XP level 3. HP: 23/23 MP: 6/6
   711 | D:1      | Learned a level 3 spell: Spider Form
  1127 | D:2      | Reached skill level 1 in Poison Magic
  1290 | D:2      | Reached XP level 4. HP: 25/28 MP: 7/7
  2430 | D:3      | Found a stormy altar of Qazlal.
  2468 | D:3      | Found a shattered altar of Ashenzari.
  2605 | D:3      | Found a basalt altar of Yredelemnul.
  2708 | D:3      | Noticed a centaur
  2712 | D:3      | Slain by a centaur

Inventory:

Hand weapons
 o - a +2 spear of freezing (weapon)
Missiles
 b - 12 arrows
Armour
 s - a +0 buckler
Jewellery
 h - a ring of protection from fire (left tentacle)
 l - an amulet of clarity (around mantle)
 w - a ring of see invisible (right tentacle)
Scrolls
 e - 3 scrolls of magic mapping {unknown}
 i - 2 scrolls of fear {unknown}
 j - 5 scrolls of enchant weapon {unknown}
 k - a scroll of immolation {unknown}
 n - a scroll of teleportation {unknown}
 r - a scroll of enchant armour {unknown}
 t - a scroll of identify {unknown}
Potions
 c - a potion of beneficial mutation {unknown}
 g - 2 potions of confusion {unknown}
 q - a potion of curing {unknown}
 x - a potion of invisibility {unknown}
 z - a potion of restore abilities {unknown}
 A - a potion of lignification {unknown}
Books
 d - a book of Changes

   Spells                             Type                      Level
   *Beastly Appendage                 Transmutation                1
   Sticks to Snakes                   Transmutation                2
   *Spider Form                       Transmutation/Poison         3
   Ice Form                           Ice/Transmutation            4
   Blade Hands                        Transmutation                5
 v - a book of Transfigurations

   Spells                             Type                      Level
   Stoneskin                          Transmutation/Earth          2
   Irradiate                          Conjuration/Transmutation    5
   Statue Form                        Transmutation/Earth          6
   Hydra Form                         Transmutation                6
   Dragon Form                        Transmutation                7
Comestibles
 a - 4 bread rations
 f - a beef jerky
 m - 2 meat rations
 p - a royal jelly

Table legend:
 A = Turns spent in this place as a percentage of turns spent in the entire game.
 B = Non-inter-level travel turns spent in this place as a percentage of non-inter-level travel turns spent in the entire game.
 C = Inter-level travel turns spent in this place as a percentage of turns spent in this place.
 D = Turns resting spent in this place as a percentage of non-inter-level travel turns spent in this place.
 E = Turns spent auto-exploring this place as a percentage of non-inter-level travel turns spent in this place.
 F = Non-inter-level travel turns spent in this place divided by the number of levels of this place that you've seen.
                   A       B       C       D       E      F
               +-------+-------+-------+-------+-------+----------------------
         Total | 100.0 | 100.0 |   0.7 |   7.6 |  15.1 | 192.3
       Dungeon | 100.0 | 100.0 |   0.7 |   7.6 |  15.1 | 192.3
               +-------+-------+-------+-------+-------+----------------------


   Skills:
 - Level 1.0 Fighting
 - Level 2.0 Dodging
 + Level 3.8 Unarmed Combat
 - Level 2.0 Spellcasting
 * Level 3.6 Transmutations
 - Level 2.1 Poison Magic


You had 3 spell levels left.
You knew the following spells:

 Your Spells              Type           Power        Failure   Level  Hunger
a - Beastly Appendage     Trmt           ##....       6%          1    #......
b - Spider Form           Trmt/Pois      ##........   21%         3    ###....


Dungeon Overview and Level Annotations

Branches:
Dungeon (3/15)

Altars:
Ashenzari
Qazlal
Yredelemnul


Innate Abilities, Weirdness & Mutations

You cannot wear most types of armour.
You are amphibious.
You can wear up to eight rings at the same time.
You can use your tentacles to constrict many enemies at once.
Your skin changes colour to match your surroundings (Stealth).
Your rubbery body absorbs attacks (AC +1).


Message History

The orc hits you.
You hit the orc. You freeze the orc. You grab the orc.
The orc is severely wounded.
You constrict the orc. The orc hits you.
You hit the orc. You freeze the orc.
You kill the orc!
No target in view!
x - a silvery potion
z - a fuming orange potion
A - a glowing sapphire potion
There is an open door here.
All of the chunks of flesh in your inventory have rotted away.
There is an open door here.
There is an open door, spattered with blood here.
HP restored.
An ooze comes into view.
A centaur comes into view.
The centaur shouts!
The ooze quivers.
The centaur wields a shortbow.
The centaur shoots an arrow.
The arrow barely misses you.
You see here an arrow.
The centaur shoots an arrow.
The arrow hits you!
You see here an arrow.
Attack whom?
Press: ? - help, Dir - move target cursor, f - centaur
Aim: a centaur, wielding a shortbow You reach to attack!
You barely miss the centaur.
The centaur unwields an uncursed shortbow.
The centaur closely misses you.
You hit the centaur. You freeze the centaur.
The centaur is moderately wounded.
The centaur hits you!
Casting: Beastly Appendage
Confirm with . or Enter, or press ? or * to list all spells.
You miscast Spider Form.
You are very lightly contaminated with residual magic.
You feel a strange surge of energy! The centaur barely misses you.
The centaur hits you!
You die...

.......# #...##.#
#.....#####
.......# ##..##.#
#.....# .......#
#..##.# ###########
.......# #.....#
#...... .......#
#.###########......
.......# #.#
#.....#......
######.# #.#
#............ #.##
#(#####............
#..#
#.@c..#............
##(##
#.J##.#.....#......
#######).# #..#
#.....##....<
.........# #..#
########.####
.........## #..#
##_## #.#
..........# #..#
#8...8 #.#
....(.....## #..#
#.....##.#
...........# #..#
8.....8#.#
##########.# #..#
##.....##.####


You could see a centaur and an ooze.

Table legend:
 A = Kills in this place as a percentage of kills in entire the game.
 B = Kills by you in this place as a percentage of kills by you in the entire game.
 C = Kills by friends in this place as a percentage of kills by friends in the entire game.
 D = Other kills in this place as a percentage of other kills in the entire game.
 E = Experience gained in this place as a percentage of experience gained in the entire game.
 F = Experience gained in this place divided by the number of levels of this place that you have seen.
                   A       B       C       D       E      F
               +-------+-------+-------+-------+-------+----------------------
         Total | 100.0 | 100.0 |  -nan |  -nan | 100.0 |  49.7
       Dungeon | 100.0 | 100.0 |  -nan |  -nan | 100.0 |  49.7
               +-------+-------+-------+-------+-------+----------------------

Vanquished Creatures
  3 adders (D:2)
  A giant mite (D:1)
  A worm (D:2)
  A giant gecko (D:3)
  An ooze (D:2)
  An orc (D:3)
  3 giant cockroaches
  11 hobgoblins
  3 jackals (D:2)
  11 bats
  3 giant newts
  6 goblins
  8 kobolds
  6 rats
59 creatures vanquished.

Action                   |  1- 3 |  4- 6 || total
-------------------------+-------+-------++-------
Melee: Unarmed           |    64 |       ||    64
       Spear             |    21 |    64 ||    85
 Cast: Beastly Appendage |     5 |     2 ||     7
       Spider Form       |     1 |       ||     1
 Stab: Sleeping          |     4 |     1 ||     5
  Eat: Chunk             |     2 |     4 ||     6

Vault maps used:
D:1:      minmay_arrival_open_corners
D:2:      first_bread
D:3:      tgw_trog, grunt_qazlal_clouds, nicolae_overflow_hidden_temple,
          lemuel_crystal_altar
